 Dungeon Crawl Stone Soup version 0.31-a0-1178-gc5c9b8f871 (webtiles) character file.

Game seed: 4836375043184807471

24336 bmb222 the Severer (level 12, -4/111 HPs)
             Began as a Minotaur Berserker on Dec 11, 2023.
             Was a High Priest of Trog.
             Slain by a hell knight
             ... wielding a +0 glaive of flaming
              (15 damage)
             ... on level 13 of the Dungeon.
             The game lasted 00:16:39 (13681 turns).

bmb222 the Severer (Minotaur Berserker)            Turns: 13681, Time: 00:16:40

Health: -4/111     AC: 21    Str: 27    XL:     12   Next: 79%
Magic:  11/11      EV: 18    Int:  4    God:    Trog [*****.]
Gold:   984        SH:  0    Dex: 16    Spells: 11/11 levels left

rFire   x . .        k - +3 battleaxe (elec)
rCold   + + .        (shield currently unavailable)
rNeg    . . .        P - +0 ice dragon scales
rPois   .            (helmet restricted)
rElec   .            R - +1 cloak
rCorr   .            j - +2 pair of gloves
SInv    .            (no boots)
Will    ++...        (no amulet) Stlth
                     K - +5 ring of evasion
HPRegen 1.38/turn    M - +6 ring of dexterity
MPRegen 0.12/turn

%: no passive effects
@: strong-willed, on berserk cooldown, regenerating, slowed, studying Dodging,
very slow
A: horns 2, retaliatory headbutt
a: Renounce Religion, Berserk, Trog's Hand, Brothers in Arms


You were on level 13 of the Dungeon.
You worshipped Trog.
Trog was extremely pleased with you.
You visited 1 branch of the dungeon, and saw 13 of its levels.
You also visited: Ice Cave.

You collected 984 gold pieces.

Inventory:

Hand Weapons
 a - a +0 hand axe
 k - a +3 battleaxe of electrocution (weapon)
 m - a +0 dire flail
 E - a +0 war axe
 I - a +4 hand axe
 J - a +0 battleaxe
 L - a +1 battleaxe of electrocution
Missiles
 g - 50 poisoned darts
 A - 9 boomerangs (quivered)
Armour
 b - a +0 animal skin
 e - a +0 ring mail
 h - a +0 scale mail
 j - a +2 pair of gloves (worn)
 w - a +0 plate armour
 P - +0 ice dragon scales (worn)
 R - a +1 cloak (worn)
 S - a +5 plate armour of ponderousness
Jewellery
 K - a +5 ring of evasion (left hand)
 M - a +6 ring of dexterity (right hand)
 O - a +6 ring of intelligence
 Y - the ring "Qojufy" {*Slow Str+5 Int+4 Dex+6}
   (You found it in an ice cave)

   [ring of dexterity]

   Str+5:     It affects your strength (+5).
   Int+4:     It affects your intelligence (+4).
   Dex+6:     It affects your dexterity (+6).
   *Slow:     It may slow you when you take damage.
Talismans
 x - a blade talisman
 Q - a beast talisman
Wands
 d - a wand of flame (46)
 o - a wand of charming (6)
 s - a wand of polymorph (19)
 t - a wand of digging (6)
 C - a wand of mindburst (23)
 T - a wand of roots (6)
Scrolls
 f - 6 scrolls of teleportation
 i - a scroll of revelation
 n - 3 scrolls of silence
 y - a scroll of poison {unknown}
 z - 3 scrolls of fog
 F - a scroll of vulnerability
 G - a scroll of immolation
 N - a scroll of amnesia
 V - a scroll of blinking
 X - a scroll of identify
Potions
 c - 3 potions of haste
 l - 5 potions of lignification
 p - 4 potions of brilliance
 q - 2 potions of heal wounds
 r - a potion of ambrosia
 u - a potion of might
 v - a potion of mutation
 B - a potion of degeneration
 D - a potion of enlightenment
 H - a potion of cancellation
 U - a potion of curing
 W - a potion of attraction {unknown}


   Skills:
 + Level 11.7 Fighting
 + Level 17.3 Axes
 * Level 14.8 Armour
 + Level 5.5 Dodging
 - Level 1.1 Stealth
 + Level 1.2 Unarmed Combat
 + Level 0.1 Evocations


You had 11 spell levels left.
You didn't know any spells.
Your spell library was empty.

Dungeon Overview and Level Annotations

Branches:
Dungeon (13/15)            Temple (0/1) D:7            Lair (0/5) D:9
    Orc (0/2) D:11          IceCv (visited)
 Vaults: D:13-14

Altars:
Fedhas
Okawaru
Trog
Uskayaw
Xom
Yredelemnul

Shops:
D:4 [   D:5 :?=!(

Portals:
Abyss: D:7

Annotations:
D:7 2 transporters, Fractals's ghost, novice GnWn
D:10 2 transporters, L4yla's ghost, journeyman DECj
D:11 3 runed translucent doors, Pokonic1's ghost, journeyman OgEE


Innate Abilities, Weirdness & Mutations

You have a pair of horns on your head.
You reflexively headbutt those who attack you in melee.


Message History

You are no longer berserk.
You are exhausted.
You feel yourself slow down.
You feel sick.
The boulder beetle leaps!
You see here a boulder beetle corpse.
Your skin crawls.
You feel strong-willed.
You feel sick.
Your two-headed ogre hits the efreet with a +0 dire flail!!!
The efreet dies!
Trog accepts your kill.
You feel sick.
Your two-headed ogre hits the skeletal warrior with a +0 dire flail.
Your two-headed ogre hits the skeletal warrior with a +0 giant club!!
The skeletal warrior is engulfed in blazing flames.
The skeletal warrior hits your two-headed ogre with a +0 battleaxe!!
Your two-headed ogre dies!
Your two-headed ogre's corpse disappears in a puff of smoke!
You feel sick.
You feel sick.
Unknown command.
You slash the skeletal warrior!
The skeletal warrior is severely damaged.
You feel sick.
You are no longer poisoned.
The skeletal warrior hits you with a +0 battleaxe!
* * * LOW HITPOINT WARNING * * *
Unknown command.
You feel much better.
The skeletal warrior hits you with a +0 battleaxe.
The hell knight hits you from afar with a +0 glaive of flaming!
The hell knight burns you.
You slice the skeletal warrior!!
You destroy the skeletal warrior!
Trog accepts your kill.
The hell knight hits you from afar with a +0 glaive of flaming!!
* * * LOW HITPOINT WARNING * * *
The hell knight burns you!
* * * LOW HITPOINT WARNING * * *
The hell knight hits you from afar with a +0 glaive of flaming!
You die...

#.....# #.#.#
Tp8!. #.#.# °$$
#.#.# #T# #.#.#
##C## #.#.# ♣♣T†)♣
#.#.. ♣♣p♣°♣.♣
#...# ♣♣)♣♣.♣♣$♣
#.### ♣@♣♣♣.♣ ♣.♣
#.# ♣.♣♣♣♣.♣♣ ♣.♣
#.#
#####...#######.#
.................#
...............###
################


You could see a hell knight, a cyclops and 2 trolls.

Vanquished Creatures
  An ice dragon (D:13)
  Erolcha (D:11)
  5 two-headed ogres
  2 boulder beetles (D:13)
  A deep troll earth mage (D:13)
  A skeletal warrior (D:13)
  Lodul (D:11)
  Pikel (D:6)
  A manticore (D:10)
  3 ugly things
  A cyclops (D:13)
  2 ice statues (IceCv)
  Joseph (D:8)
  A komodo dragon (D:12)
  Psyche (D:11)
  5 trolls
  A meliai (D:13)
  3 hornets
  2 polar bears (D:13)
  Grinder (D:4)
  4 slime creatures (D:12)
  9 yaks
  2 vampires
  4 wyverns
  A wraith (D:12)
  A basilisk (D:12)
  3 steam dragons
  Eustachio (D:4)
  A death yak simulacrum (IceCv)
  A swamp worm (shapeshifter) (D:13)
  2 wargs (D:11)
  An acid dragon (D:10)
  3 water moccasins (D:9)
  8 orc warriors
  4 sky beasts
  11 ogres
  3 black bears
  An ice beast (D:5)
  4 wolves
  3 centaurs
  A lemure (D:6)
  3 phantoms
  4 kobold brigands
  4 scorpions
  6 bullfrogs
  A gnoll sergeant (D:10)
  A cane toad simulacrum (IceCv)
  15 wights
  3 killer bees (D:7)
  6 howler monkeys
  5 hounds
  A jelly (D:6)
  2 gnoll boudas
  10 orc priests
  Jessica (D:3)
  4 iguanas
  17 orc wizards
  Ijyb (D:4)
  Terence (D:2)
  3 polar bear simulacra (IceCv)
  3 adders
  9 gnolls
  3 shadow imps
  3 white imps
  2 ufetubi (D:5)
  A worm (D:3)
  4 dart slugs
  46 orcs
  8 endoplasms
  2 giant cockroaches (D:4)
  3 hobgoblins (D:4)
  5 jackals (D:5)
  7 quokkas
  11 ball pythons
  7 bats
  2 frilled lizards (D:2)
  8 goblins
  26 kobolds
  10 rats
351 creatures vanquished.

Vanquished Creatures (collateral kills)
  An efreet (D:13)
  A vampire mosquito (D:13)
2 creatures vanquished.

Vanquished Creatures (others)
  3 orc wizards
  2 orcs (D:9)
5 creatures vanquished.

Grand Total: 358 creatures vanquished

Notes
Turn   | Place    | Note
-------+----------+-------------------------------------------
     0 | D:1      | bmb222 the Minotaur Berserker began the quest for the Orb.
     0 | D:1      | Reached XP level 1. HP: 19/19 MP: 0/0
    84 | D:1      | Reached skill level 4 in Axes
    84 | D:1      | Reached XP level 2. HP: 4/27 MP: 1/1
   984 | D:2      | Reached XP level 3. HP: 33/33 MP: 2/2
  1195 | D:2      | Reached ** piety under Trog
  1545 | D:2      | Noticed Terence
  1551 | D:2      | Killed Terence
  1552 | D:2      | Reached XP level 4. HP: 37/41 MP: 3/3
  1651 | D:3      | Found a blossoming altar of Fedhas.
  1661 | D:3      | Noticed Jessica
  1662 | D:3      | Noticed a black bear
  1665 | D:3      | Killed Jessica
  1666 | D:3      | Reached skill level 5 in Axes
  1676 | D:3      | Killed a black bear
  1677 | D:3      | Reached XP level 5. HP: 47/47 MP: 4/4
  1811 | D:3      | Found a basalt altar of Yredelemnul.
  2035 | D:3      | Found a hide-covered altar of Uskayaw.
  2279 | D:4      | Found Ladiyfadu's Armour Shoppe.
  2419 | D:4      | Noticed Grinder
  2434 | D:4      | Killed Grinder
  2435 | D:4      | Reached skill level 5 in Fighting
  2435 | D:4      | Reached skill level 6 in Axes
  2435 | D:4      | Reached XP level 6. HP: 23/56 MP: 5/5
  2721 | D:4      | Found a bloodstained altar of Trog.
  2739 | D:4      | Reached skill level 7 in Axes
  2739 | D:4      | Reached skill level 5 in Armour
  2739 | D:4      | Reached XP level 7. HP: 40/61 MP: 6/6
  2883 | D:4      | Noticed Eustachio
  2888 | D:4      | Reached *** piety under Trog
  2917 | D:4      | Killed Eustachio
  3137 | D:4      | Noticed Ijyb
  3149 | D:4      | Killed Ijyb
  3246 | D:4      | Reached skill level 1 in Stealth
  3272 | D:4      | Reached skill level 8 in Axes
  3523 | D:5      | Entered Level 5 of the Dungeon
  3541 | D:5      | Identified the +0 scale mail of the Seven Ships {+Inv Fly
                  | rC- Int-4}
  3676 | D:5      | Reached XP level 8. HP: 63/70 MP: 7/7
  3847 | D:5      | Found Dosh's Book Boutique.
  3863 | D:5      | Reached skill level 9 in Axes
  4040 | D:5      | Found Davin's Magic Scroll Shop.
  4150 | D:5      | Found Amoodwet's Distillery.
  4176 | D:5      | Found Xoph's Jewellery Emporium.
  4255 | D:5      | Found Taniugeqi's Weapon Shop.
  5237 | D:6      | Reached skill level 10 in Axes
  5290 | D:6      | Reached XP level 9. HP: 78/78 MP: 8/8
  5369 | D:6      | Reached **** piety under Trog
  5633 | D:6      | Noticed Pikel
  5647 | D:6      | Killed Pikel
  5849 | D:6      | Reached skill level 11 in Axes
  6150 | D:7      | Found a one-way gate to the infinite horrors of the Abyss.
  6150 | D:7      | Noticed Fractals's ghost (novice GnWn)
  6151 | D:7      | Noticed a toenail golem
  6187 | D:7      | Found a transporter.
  6188 | D:7      | Noticed a soul eater
  6232 | D:7      | Found a transporter.
  6262 | D:7      | Found a staircase to the Ecumenical Temple.
  6569 | D:7      | Reached XP level 10. HP: 81/88 MP: 9/9
  6641 | D:7      | Reached skill level 10 in Armour
  6947 | D:7      | Reached skill level 12 in Axes
  7315 | D:8      | Identified the +13 chain mail of Puxzios {rF+ Str+2}
  7629 | D:8      | Reached ***** piety under Trog
  7923 | D:8      | Noticed Joseph
  7947 | D:8      | Killed Joseph
  8321 | D:9      | Reached skill level 13 in Axes
  8515 | D:9      | Reached skill level 5 in Dodging
  8601 | D:9      | Paralysed by a hornet for 3 turns
  8866 | D:9      | Found a staircase to the Lair.
  8871 | D:9      | Reached skill level 1 in Unarmed Combat
  9114 | D:9      | Reached XP level 11. HP: 61/97 MP: 10/10
  9290 | D:9      | Paralysed by a hornet for 1 turns
  9294 | D:9      | Paralysed by a hornet for 2 turns
  9687 | D:9      | Reached skill level 14 in Axes
  9724 | D:9      | Found an iron altar of Okawaru.
  9736 | D:9      | Noticed a two-headed ogre
  9747 | D:9      | Killed a two-headed ogre
 10277 | D:10     | Entered Level 10 of the Dungeon
 10443 | D:10     | Noticed a two-headed ogre
 10450 | D:10     | Killed a two-headed ogre
 10696 | D:10     | Found a shimmering altar of Xom.
 10697 | D:10     | Noticed a two-headed ogre
 10705 | D:10     | Killed a two-headed ogre
 10909 | D:10     | Found a transporter.
 10909 | D:10     | Noticed a tengu warrior
 10912 | D:10     | Noticed a two-headed ogre
 10917 | D:10     | Found a transporter.
 10922 | D:10     | Noticed a two-headed ogre
 10923 | D:10     | Noticed L4yla's ghost (journeyman DECj)
 10924 | D:10     | Found a bloodstained altar of Trog.
 10924 | D:10     | Noticed a two-headed ogre
 10924 | D:10     | Noticed a two-headed ogre
 11124 | D:11     | Noticed a two-headed ogre
 11129 | D:11     | Killed a two-headed ogre
 11248 | D:11     | Noticed Lodul
 11257 | D:11     | Killed Lodul
 11258 | D:11     | Reached skill level 15 in Axes
 11266 | D:11     | Reached skill level 10 in Fighting
 11510 | D:11     | Found a staircase to the Orcish Mines.
 11671 | D:11     | Noticed an eight-headed hydra
 11896 | D:11     | Identified a scroll of acquirement
 11896 | D:11     | Acquired a manual of Dodging
 11937 | D:11     | Found a runed translucent gate.
 11937 | D:11     | Found a runed translucent gate.
 11937 | D:11     | Found a runed translucent gate.
 11937 | D:11     | Noticed Pokonic1's ghost (journeyman OgEE)
 12079 | D:11     | Noticed a two-headed ogre
 12085 | D:11     | Killed a two-headed ogre
 12159 | D:11     | Noticed Erolcha
 12169 | D:11     | Killed Erolcha
 12170 | D:11     | Reached XP level 12. HP: 81/106 MP: 11/11
 12433 | D:11     | Noticed Psyche
 12436 | D:11     | Killed Psyche
 12803 | D:12     | Reached skill level 16 in Axes
 13137 | D:12     | You fall into a shaft and drop 1 floor!
 13175 | D:13     | Noticed a boulder beetle
 13224 | D:13     | Killed a boulder beetle
 13281 | D:13     | Found a frozen archway.
 13285 | D:13     | Noticed an ice dragon
 13309 | D:13     | Killed an ice dragon
 13387 | IceCv    | Entered an ice cave
 13396 | IceCv    | Found a transporter.
 13486 | IceCv    | Found a transporter.
 13516 | IceCv    | Identified the ring "Qojufy" {*Slow Str+5 Int+4 Dex+6}
 13652 | D:13     | Noticed a boulder beetle
 13652 | D:13     | Noticed a boulder beetle
 13657 | D:13     | a steelbarb worm changed into a radroach
 13657 | D:13     | Noticed a radroach (glowing shapeshifter)
 13659 | D:13     | a radroach changed into a swamp worm
 13661 | D:13     | Killed a boulder beetle
 13662 | D:13     | Reached skill level 17 in Axes
 13664 | D:13     | Noticed a deep troll earth mage
 13671 | D:13     | Killed a deep troll earth mage
 13681 | D:13     | Slain by a hell knight

Illustrated notes

Levels and vault maps discovered:
D:1:      dpeg_arrival_stonehenge_8_columns, layout_basic, chequers_garden
D:2:      layout_basic, uniq_terence
D:3:      layout_basic, fedhas_altar_1, lemuel_doored_altar,
          general_overflow_altar, chequers_serial_rivers_micro_b, uniq_jessica
D:4:      layout_gridville, mainiacjoe_overflow_tiny_flanked, serial_shops,
          nicolae_shop_rolling_square, nicolae_zig_zag_zippers, uniq_ijyb,
          uniq_eustachio, uniq_grinder
D:5:      layout_layer_cave, serial_shops, shop, nicolae_shop_waterfront, shop,
          nicolae_shop_advertising_works [nicolae_subvault_shop_adworks], shop,
          grunt_ministairs_5, nicolae_nh_ransacked_shop
D:6:      layout_rooms, minivault_19, kennysheep_generic_room_12, uniq_pikel
D:7:      layout_loops_corners, temple_pool_b, gammafunk_ghost_abyssal_escape,
          nicolae_tricolors
D:8:      layout_loops_cross, uniq_joseph
D:9:      layout_layer_cave, nicolae_overflow_crystal_walls,
          minmay_lair_entry_grove
D:10:     layout_cave_pools, mainiacjoe_overflow_concentric_impassable,
          gammafunk_ghost_wrathful_warriors, hangedman_abyss_or_decor_passed
D:11:     layout_roguey, david_orc_1_choice, ebering_ghost_rock_garden,
          uniq_lodul, uniq_erolcha, uniq_psyche
D:12:     layout_irregular_city
D:13:     nzn_winding_woodlands_small [nzn_winding_woodlands_5x15_sawtooth,
          nzn_winding_woodlands_center_pierced_h,
          nzn_winding_woodlands_5x15_garden], layout_rooms, david_vaults_3,
          serial_ice, serial_ice_m, serial_ice_d, serial_ice_k, serial_ice_c,
          serial_ice_o, serial_ice_f, portal_ice_cave_entry_animals_and_master

Skill      XL: |  1  2  3  4  5  6  7  8  9 10 11 12 |
---------------+-------------------------------------+-----
Fighting       | 4 5 6 8 9 10 11 | 11.7
Axes           | 4 5 6 7 8 10 11 13 15 17 | 17.3
Armour         | 3 4 5 7 9 11 13 14 | 14.8
Dodging        | 3 4 5 |  5.5
Stealth        | 1 |  1.1
Unarmed Combat | 1 |  1.2
Evocations     | |  0.1

Action                     |  1- 3 |  4- 6 |  7- 9 | 10-12 || total
---------------------------+-------+-------+-------+-------++-------
  Melee: Hand axe          |    84 |    60 |   259 |    27 ||   430
         Headbutt          |     9 |     9 |    45 |   103 ||   166
         Punch             |       |     1 |     6 |     1 ||     8
         War axe           |       |       |    59 |    55 ||   114
         Battleaxe         |       |       |       |   392 ||   392
         Unarmed           |       |       |       |     8 ||     8
 Invoke: Berserk           |       |     3 |     5 |     5 ||    13
         Trog's Hand       |       |       |     1 |     3 ||     4
         Brothers in Arms  |       |       |       |     1 ||     1
  Evoke: Wand              |       |       |       |     2 ||     2
    Use: Potion            |       |     2 |       |     1 ||     3
         Scroll            |       |       |       |    21 ||    21
 Armour: Animal skin       |     6 |       |       |       ||     6
         Scale mail        |    46 |    42 |   139 |       ||   227
         Ring mail         |     4 |       |       |       ||     4
         Plate armour      |       |       |   147 |   395 ||   542
         Skin              |       |       |       |     2 ||     2
         Ice dragon scales |       |       |       |    32 ||    32
  Dodge: Dodged            |    40 |    36 |   157 |   293 ||   526

Table legend: (Time is in decaauts)
 A = Elapsed time spent in this place.
 B = Non-inter-level travel time spent in this place.
 C = Inter-level travel time spent in this place.
 D = Time resting spent in this place.
 E = Time spent auto-exploring this place.
 F = Levels seen in this place.
 G = Mean time per level.
                   A        B        C        D        E       F      G
               +--------+--------+--------+--------+--------+-----+--------+
         Total |  13698 |  13322 |    376 |   1160 |   9967 |  14 |  978.4 |
       Dungeon |  13534 |  13158 |    376 |   1160 |   9885 |  13 | 1041.1 |
      Ice Cave |    163 |    163 |      0 |      0 |     82 |   1 |  163.0 |
               +--------+--------+--------+--------+--------+-----+--------+

Top non-repeatable levels by time:
     D:9: 1818 daAuts
     D:5: 1698 daAuts
    D:11: 1393 daAuts
     D:7: 1289 daAuts
     D:4: 1256 daAuts
     D:8: 1213 daAuts
     D:1: 934 daAuts
    D:10: 836 daAuts
     D:6: 741 daAuts
     D:2: 697 daAuts
     D:3: 647 daAuts
    D:12: 629 daAuts
    D:13: 377 daAuts
   IceCv: 163 daAuts
